 Dungeon Sprint DCSS version 0.31-a0-836-g3ceb0a68c4 (webtiles) character file.

Game seed: 7563901196922543659

11776 sircluck the Brawler (level 11, -9/131 HPs)
             Began as a Troll Berserker on Sept 26, 2023.
             Was the Champion of Trog.
             Mangled by a hornet (13 damage)
             ... while paralysed by a hornet
             ... in the Dungeon (Sprint VII: "The Pits") on Sept 27, 2023.
             The game lasted 00:04:31 (1513 turns).

sircluck the Brawler (Troll Berserker)              Turns: 1513, Time: 00:04:32

Health: -9/131     AC:  9    Str: 31    XL:     11   Next: 53%
Magic:  10/10      EV:  1    Int:  6    God:    Trog [******]
Gold:   0          SH:  0    Dex:  9    Spells: 10/10 levels left

rFire   . .          .
                       - Unarmed
rCold   . . .        (no shield)
rNeg    . . .        k - +2 robe {Will+}
rPois   .            (helmet restricted)
rElec   .            (no cloak)
rCorr   .            (gloves unavailable)
SInv    .            (boots unavailable)
Will    +....        (no amulet)
Stlth   +            l - +3 ring of protection
HPRegen 1.21/turn    m - +3 ring of intelligence
MPRegen 0.12/turn

%: no teleportation
@: paralysed, lethally poisoned (-9 -> -28), slowed
A: large, unfitting armour, claws 3, regeneration 1, shaggy fur 1, tough skin 1
a: Renounce Religion, Berserk, Trog's Hand, Brothers in Arms


You were in the Dungeon.
You worshipped Trog.
Trog was exalted by your worship.
You visited 1 branch

Inventory:

Armour
 a - a +0 animal skin
 k - a +2 robe of willpower (worn)
Jewellery
 l - a +3 ring of protection (left claw)
 m - a +3 ring of intelligence (right claw)
Scrolls
 g - a scroll of blinking
 i - 2 scrolls of vulnerability
 j - a scroll of butterflies
Potions
 b - 6 potions of curing
 c - 8 potions of heal wounds
 d - 3 potions of haste
 e - 4 potions of magic
 f - 3 potions of berserk rage
 h - 2 potions of invisibility
 n - a potion of mutation
 o - a potion of might


   Skills:
 + Level 14.6 Fighting
 + Level 14.4 Dodging
 + Level 17.0 Unarmed Combat


You had 10 spell levels left.
You didn't know any spells.
Your spell library was empty.

Dungeon Overview and Level Annotations

Branches:
Dungeon (1/1)

Altars:
Ashenzari
Cheibriados
Dithmenos
Elyvilon
Fedhas
Gozag
Hepliaklqana
Kikubaaqudgha
Makhleb
Nemelex Xobeh
Okawaru
Qazlal
Ru
Sif Muna
Trog
Uskayaw
Vehumet
Wu Jian
Xom
Yredelemnul
Zin
The Shining One
Jiyva
Lugonu


Innate Abilities, Weirdness & Mutations

You are too large for most types of armour.
You have claws for hands.
Your natural rate of healing is unusually fast.
You are covered in fur. (AC +1)
You have tough skin. (AC +1)


Message History

The hornet stings you but does no damage.
You closely miss the hornet.
The hornet is lightly wounded.
You feel yourself speed up. The hornet barely misses you.
The large abomination misses you.
You claw the hornet!
The hornet is moderately wounded.
The hornet stings you.
You feel yourself slow down.
You scratch the hornet but do no damage.
Your claw misses the hornet.
The hornet is moderately wounded.
The hornet stings you.
You are poisoned.
You feel as though you will be slow longer.
The large abomination hits you. The hornet misses you.
You claw the hornet! Your claw misses the hornet.
The hornet is severely wounded.
You feel very sick.
The hornet stings you but does no damage.
The large abomination hits you!!
You claw the hornet!
The hornet is almost dead.
You feel sick. The hornet stings you.
You are more poisoned.
You suddenly lose the ability to move!
The hornet stings you!
You are more poisoned.
You feel as though you will be slow longer.
You feel extremely sick. The hornet stings you.
You are more poisoned.
You feel as though you will be slow longer.
The large abomination hits you!
You feel extremely sick. The hornet stings you!
* * * LOW HITPOINT WARNING * * *
You feel as though you will be slow longer.
The large abomination hits you!!
* * * LOW HITPOINT WARNING * * *
The hornet stings you!
You die...

#......##...........)..#
.......##.........)))..#
''######################
''### ###### #####
....##..+...##...###
...##...#..##......##
..##.†.##..#........##
..#...##...'†........#
..'.†##....###..@....#
.##..#....)..###yX....#
##...+.........##.....#
#....#...)####..##....#
..#.†##††## ..'.....#
.###..##†+ .#......
##.##..#.## # .....
#...)..'..# ...##
...†#..##.......


You could see a large abomination and a hornet.

Vanquished Creatures
  A nagaraja (D)
  A vampire knight (D)
  An ogre mage (D)
  3 two-headed ogres (D)
  A molten gargoyle (D)
  2 smoke demons (D)
  A gargoyle (D)
  A cane toad (D)
  A kobold demonologist (D)
  A hellwing (D)
  2 tarantellas (D)
  5 blink frogs (D)
  A hornet (D)
  4 dream sheep (D)
  3 flying skulls (D)
  A vampire (D)
  A ynoxinul (D)
  2 wyverns (D)
  5 yaks (D)
  A basilisk (D)
  A fire elemental (D)
  A redback (D)
  3 acid dragons (D)
  A warg (D)
  A floating eye (D)
  An orc warrior (D)
  A swamp drake (D)
  3 ogres (D)
  2 kobold brigands (D)
  A scorpion (D)
  4 wights (D)
  A mummy (D)
  A river rat (D)
  2 ufetubi (D)
  A worm (D)
  3 orcs (D)
  2 hobgoblins (D)
  8 jackals (D)
  A quokka (D)
  A ball python (D)
  A frilled lizard (D)
  A giant cockroach simulacrum (D)
  A quokka zombie (D)
80 creatures vanquished.

Notes
Turn   | Place    | Note
-------+----------+-------------------------------------------
     0 | D        | sircluck the Troll Berserker began the quest for the Orb.
     0 | D        | Reached XP level 1. HP: 22/22 MP: 0/0
    11 | D        | Noticed a yak
    11 | D        | Noticed a yak
    11 | D        | Noticed a yak
    11 | D        | Noticed a yak
    11 | D        | Noticed a scorpion
    11 | D        | Noticed a wyvern
    11 | D        | Noticed a yak
    14 | D        | Killed a yak
    15 | D        | Reached skill level 5 in Fighting
    15 | D        | Reached skill level 5 in Dodging
    15 | D        | Reached skill level 6 in Unarmed Combat
    15 | D        | Reached XP level 2. HP: 35/35 MP: 1/1
    15 | D        | Reached XP level 3. HP: 42/42 MP: 2/2
    15 | D        | Reached XP level 4. HP: 50/50 MP: 3/3
    15 | D        | Reached XP level 5. HP: 57/57 MP: 4/4
    21 | D        | Killed a yak
    22 | D        | Reached skill level 7 in Unarmed Combat
    22 | D        | Reached XP level 6. HP: 68/68 MP: 5/5
    23 | D        | Killed a yak
    23 | D        | Reached ** piety under Trog
    24 | D        | Reached skill level 8 in Unarmed Combat
    26 | D        | Killed a yak
    27 | D        | Reached skill level 9 in Unarmed Combat
    27 | D        | Reached XP level 7. HP: 60/79 MP: 6/6
    28 | D        | Killed a yak
    30 | D        | Killed a wyvern
    31 | D        | Reached skill level 10 in Unarmed Combat
    35 | D        | Reached *** piety under Trog
   208 | D        | Noticed a dream sheep
   222 | D        | Killed a dream sheep
   223 | D        | Reached XP level 8. HP: 92/92 MP: 7/7
   238 | D        | Reached skill level 11 in Unarmed Combat
   249 | D        | Noticed a dream sheep
   264 | D        | Noticed a dream sheep
   276 | D        | Noticed a dream sheep
   277 | D        | Killed a dream sheep
   277 | D        | Reached **** piety under Trog
   283 | D        | Killed a dream sheep
   284 | D        | Reached skill level 10 in Fighting
   285 | D        | Killed a dream sheep
   286 | D        | Reached skill level 10 in Dodging
   335 | D        | Noticed a two-headed ogre
   335 | D        | Noticed a two-headed ogre
   338 | D        | Noticed an ogre mage
   340 | D        | Killed a two-headed ogre
   341 | D        | Reached skill level 12 in Unarmed Combat
   341 | D        | Reached XP level 9. HP: 102/102 MP: 8/8
   342 | D        | Reached ***** piety under Trog
   342 | D        | Noticed a two-headed ogre
   351 | D        | Killed a two-headed ogre
   352 | D        | Reached skill level 13 in Unarmed Combat
   354 | D        | Killed an ogre mage
   359 | D        | Killed a two-headed ogre
   360 | D        | Reached skill level 14 in Unarmed Combat
   360 | D        | Reached XP level 10. HP: 64/115 MP: 9/9
   433 | D        | Found a bloodstained altar of Trog.
   433 | D        | Found a shimmering blue altar of Sif Muna.
   433 | D        | Found a viscous altar of Jiyva.
   433 | D        | Found a hazy altar of Hepliaklqana.
   433 | D        | Found an opulent altar of Gozag.
   434 | D        | Found a glowing golden altar of the Shining One.
   434 | D        | Found a glowing silver altar of Zin.
   434 | D        | Found a basalt altar of Yredelemnul.
   434 | D        | Found a shimmering altar of Xom.
   434 | D        | Found an ornate altar of the Wu Jian Council.
   434 | D        | Found a sacrificial altar of Ru.
   434 | D        | Found a stormy altar of Qazlal.
   434 | D        | Found an iron altar of Okawaru.
   434 | D        | Found a sparkling altar of Nemelex Xobeh.
   434 | D        | Found a burning altar of Makhleb.
   434 | D        | Found a blossoming altar of Fedhas.
   434 | D        | Found a white marble altar of Elyvilon.
   434 | D        | Found a shadowy altar of Dithmenos.
   434 | D        | Found a snail-covered altar of Cheibriados.
   436 | D        | Found a radiant altar of Vehumet.
   436 | D        | Found a corrupted altar of Lugonu.
   437 | D        | Found a hide-covered altar of Uskayaw.
   437 | D        | Found an ancient bone altar of Kikubaaqudgha.
   437 | D        | Found a broken altar of Ashenzari.
   470 | D        | Received a gift from Trog
   489 | D        | Reached ****** piety under Trog
   601 | D        | Received a gift from Trog
   657 | D        | Noticed a gargoyle
   658 | D        | Killed a gargoyle
   679 | D        | Received a gift from Trog
   827 | D        | Reached skill level 15 in Unarmed Combat
   830 | D        | Noticed a nagaraja
   845 | D        | Killed a nagaraja
   923 | D        | Noticed a molten gargoyle
   933 | D        | Killed a molten gargoyle
   998 | D        | Identified the +2 battleaxe "Belut" {antimagic, rF+ rC+}
                  | (Trog gifted it to you in the Dungeon)
   998 | D        | Received a gift from Trog
   999 | D        | Reached XP level 11. HP: 94/127 MP: 10/10
  1033 | D        | Reached skill level 16 in Unarmed Combat
  1317 | D        | Received a gift from Trog
  1389 | D        | Noticed a vampire knight
  1401 | D        | Killed a vampire knight
  1432 | D        | Received a gift from Trog
  1505 | D        | Received a gift from Trog
  1506 | D        | Reached skill level 17 in Unarmed Combat
  1511 | D        | Paralysed by a hornet for 2 turns
  1513 | D        | HP: 4/131 [large abomination (32)]
  1513 | D        | Mangled by a hornet

Illustrated notes

Levels and vault maps discovered:
D:        pitsprint [storerooms_1, entrance_room_1, metal_vault_7, armoury_3,
          mini_pit_1, grid_room_1, main_hall_1, silver_pit, the_coven_2,
          the_vestibule_1, steel_vault_3, golden_pit, hallway_of_sentries,
          crystal_vault_2, iron_vault_2, final_vault]

Skill      XL: |  1  2  3  4  5  6  7  8  9 10 11 |
---------------+----------------------------------+-----
Fighting       | 5 6 7 9 10 12 13 14 | 14.6
Dodging        | 5 6 7 9 10 12 13 14 | 14.4
Unarmed Combat | 6 7 9 10 12 14 15 17 | 17.0

Action                     |  1- 3 |  4- 6 |  7- 9 | 10-12 || total
---------------------------+-------+-------+-------+-------++-------
  Melee: Unarmed           |     2 |    12 |    36 |   180 ||   230
         Punch             |       |       |     1 |     7 ||     8
 Invoke: Berserk           |     1 |       |     1 |     2 ||     4
 Armour: Animal skin       |       |     8 |    18 |    33 ||    59
         Robe              |       |       |       |    98 ||    98
  Dodge: Dodged            |       |     3 |    12 |   101 ||   116

Table legend: (Time is in decaauts)
 A = Elapsed time spent in this place.
 B = Non-inter-level travel time spent in this place.
 C = Inter-level travel time spent in this place.
 D = Time resting spent in this place.
 E = Time spent auto-exploring this place.
 F = Levels seen in this place.
 G = Mean time per level.
                   A        B        C        D        E       F      G
               +--------+--------+--------+--------+--------+-----+--------+
         Total |   1480 |   1397 |     83 |    551 |    127 |   1 | 1480.0 |
       Dungeon |   1480 |   1397 |     83 |    551 |    127 |   1 | 1480.0 |
               +--------+--------+--------+--------+--------+-----+--------+

Top non-repeatable levels by time:
       D: 1480 daAuts
